Cogmind - Beta 16 *** ADVENTURER MODE // 2025.11.30 @ 23:01:38 Player: SearedSteak Result: Destroyed by D-53 Grenadier with Mini Grenade Launcher Performance ------------- Evolutions (0) 0 Regions Visited (2) 400 Robots Destroyed (23) 115 Value Destroyed (645) 645 Prototype IDs (1) 20 Alien Tech Used (0) 0 Bonus (0) 0 TOTAL SCORE: 1180 Bonus ------- None Cogmind --------- Core Integrity 0/250 Matter 290/300 Energy 160/160 System Corruption 0% Temperature Cool (0) Movement Walking (190) Ox1 Location -10/Mines Parts ------- > --- POWER (1) -------- Light Nuclear Core > --- PROPULSION (2) --- Aluminum Leg Aluminum Leg > --- UTILITY (2) ------ Small Storage Unit Splice Drone Bay (4/6) > --- WEAPON (2) ------- Beam Cannon > --- INVENTORY (8) ---- Ion Engine Aluminum Leg Aluminum Leg Aluminum Leg Blade Trap Blade Trap Blade Trap Peak State ------------ > --- POWER ------------ Light Nuclear Core > --- PROPULSION ------- Aluminum Leg Aluminum Leg > --- UTILITY ---------- Small Storage Unit Splice Drone Bay > --- WEAPON ----------- Beam Cannon > --- INVENTORY -------- Ion Engine Aluminum Leg Aluminum Leg Aluminum Leg Blade Trap Blade Trap Blade Trap [Rating: 14] Favorites ----------- Power Light Nuclear Core Engine Light Ion Engine Power Core Light Nuclear Core Propulsion Aluminum Leg Leg Aluminum Leg Utility Small Storage Unit Device Seismic Detector Storage Small Storage Unit Weapon Beam Cannon Energy Cannon Beam Cannon Ballistic Gun Light Assault Rifle Build | -11 -10 -10 ------- Run | Yrd Mat Min Slots Evolved . | . . . Power . | . . . Propulsion . | . . . Utility . | . . . Weapon . | . . . Parts Attached 15 | 5 9 1 Power 2 | 1 1 . Engine 1 | 1 . . Core 1 | . 1 . Reactor . | . . . Propulsion 6 | 2 4 . Treads . | . . . Leg 6 | 2 4 . Wheel . | . . . Hover . | . . . Flight . | . . . Utility 3 | . 2 1 Device 2 | . 1 1 Storage 1 | . 1 . Processor . | . . . Hackware . | . . . Protection . | . . . Artifact . | . . . Weapon 4 | 2 2 . Energy Gun . | . . . Energy Cannon 2 | . 2 . Ballistic Gun 2 | 2 . . Ballistic Cannon . | . . . Launcher . | . . . Special Weapon . | . . . Impact Weapon . | . . . Slashing Weapon . | . . . Piercing Weapon . | . . . Special Melee Weapon . | . . . Unidentified Prototypes 1 | . . 1 Parts Lost 2 | . . 2 Power . | . . . Propulsion . | . . . Utility 1 | . . 1 Weapon 1 | . . 1 Highest Loss Streak 2 | . . 2 To Critical Strikes . | . . . Average Backups 4 | 3 4 4 Power 1 | . 1 1 Propulsion 2 | 1 2 3 Utility . | . . . Weapon . | . . . Tool/Special . | . . . Unused Backups 10 | . 6 4 Power 1 | . . 1 Propulsion 8 | . 5 3 Utility 1 | . 1 . Weapon . | . . . Tool/Special . | . . . Average Slot Usage (%) 98 | . 99 98 Engine 4 | . 5 . Core 9 | . 8 14 Leg 28 | . 28 28 Device 13 | . 13 13 Storage 14 | . 14 14 Energy Cannon 16 | . 14 27 Ballistic Gun 10 | . 13 . Peak Build Rating 14 | 5 9 14 Average Rating 8 | 3 8 9 On Entrance 4 | . 5 9 Avg Prop Armor Cover (%) . | . . . Naked Turns . | . . . Heaviest Build 21 | 5 17 21 Greatest Support 20 | 20 20 20 Greatest Overweight (x) 1 | . . 1 Average Overweight (x) . | . . . Largest Inventory Capacity 8 | 5 8 8 Average Capacity 7 | 5 8 8 Most Carried 8 | 5 8 8 Average Carried 4 | 3 4 7 Final Capacity 8 | 5 8 8 Final Carried 7 | 4 4 7 Class Distribution -------------------- 61% | Scavenger-Mutant 38% | Mutant Dominant Class ---------------- Scavenger-Mutant | -10/Materials Scavenger-Mutant | -10/Mines Resources | -11 -10 -10 ----------- Run | Yrd Mat Min Matter Collected 388 | 202 176 10 Remotely . | . . . Salvage Created 873 | . 677 196 Parts 44 | . 37 7 Haulers Intercepted . | . . . Recyclers Shooed . | . . . Parts Field Recycled . | . . . Retrieved Matter . | . . . Parts Self-Destructed . | . . . Prevented . | . . . Parts Restored . | . . . Kills | -11 -10 -10 ------- Run | Yrd Mat Min Combat Hostiles Destroyed 21 | . 15 6 Guns 8 | . 8 . Cannons 13 | . 7 6 Classes Destroyed 4 | . 2 2 Tunneler 1 | . 1 . Recycler 1 | . . 1 Swarmer 6 | . . 6 Grunt 15 | . 15 . Best Kill Streak 3 | . 3 3 Combat Bots Only 3 | . 3 3 Max Kills in Single Turn 2 | . 1 2 Gunslinging . | . . . Exploded . | . . . Melee . | . . . Uniques/NPCs Destroyed . | . . . Combat | -11 -10 -10 -------- Run | Yrd Mat Min Hostile Shots Fired 85 | . 56 29 Missed 22 | . 14 8 Hits 63 | . 42 21 Projectile 63 | . 42 21 AOE 15 | . . 15 Damage Taken 970 | . 425 545 Core 260 | . 111 149 Absorbed by Shields . | . . . Ignored by Resistances 275 | . 127 148 Regen/Repaired (Parts) 17 | . 17 . Core Remaining (%) 100 | 100 . . Volleys Fired 58 | . 45 13 Largest 2 | . 2 2 Hottest 120 | . 120 120 Shots Fired 115 | . 90 25 Gun 72 | . 72 . Cannon 43 | . 18 25 Launcher . | . . . Special . | . . . Kinetic 72 | . 72 . Thermal 43 | . 18 25 Explosive . | . . . Electromagnetic . | . . . Robot Hit Streak 15 | . 15 5 Robot Miss Streak 3 | . 3 2 Penetration Max . | . . . Secondary Targets . | . . . Shots Hit Robots 88 | . 73 15 Core Hits 43 | . 35 8 Critical Kills . | . . . Critical Parts Destroyed . | . . . Critical Strikes . | . . . Melee Attacks . | . . . Impact . | . . . Slashing . | . . . Piercing . | . . . Sneak Attacks . | . . . Combat Hostiles . | . . . Follow-up Attacks . | . . . Damage Inflicted 1074 | . 777 297 Guns 506 | . 506 . Cannons 522 | . 225 297 Explosions . | . . . Melee . | . . . Ramming 46 | . 46 . Kinetic 506 | . 506 . Thermal 522 | . 225 297 Explosive . | . . . Electromagnetic . | . . . Impact . | . . . Slashing . | . . . Piercing . | . . . Highest Corruption . | . . . Average Corruption . | . . . Corruption Purged . | . . . Corruption Blocked . | . . . Overload Shots . | . . . Overflow Damage . | . . . Projectiles . | . . . Explosions . | . . . Melee . | . . . Knockbacks 1 | . 1 . Impact 1 | . 1 . Kinetic . | . . . Secondary . | . . . Self-Inflicted Damage . | . . . Shots . | . . . Rammed . | . . . Targets Rammed 13 | . 13 . Kicked 13 | . 13 . Crushed . | . . . Highest Temperature 381 | . 381 330 Average Temperature 93 | . 76 112 Received Heat Transfer 306 | . 306 . Effects 1 | . 1 . Shutdowns 1 | . 1 . Siege Activations . | . . . Martial Activations . | . . . Shielding Activations . | . . . Robots Disrupted . | . . . Combat Hostiles . | . . . Robots Corrupted . | . . . Combat Hostiles . | . . . Parts Fried . | . . . Impact Corruptions . | . . . Robots Melted . | . . . Combat Hostiles . | . . . Parts Melted . | . . . Heat Transferred 1110 | . 481 629 Parts Sabotaged . | . . . Parts Stolen . | . . . Parts Stripped . | . . . Power Chain Reactions . | . . . Alert | -11 -10 -10 ------- Run | Yrd Mat Min Maximum Alert Level . | . . . Low Security (%) 100 | 100 100 100 Level 1 . | . . . Level 2 . | . . . Level 3 . | . . . Level 4 . | . . . Level 5 . | . . . High Security . | . . . Max Security . | . . . Peak Influence 96 | . 96 76 Initial 6 | . . 6 Average 25 | . 25 34 Influence Increases 621 | . 476 145 Destroy 0b10 Robot/C 420 | . 300 120 Destroy 0b10 Robot/NC 10 | . 5 5 Destroy Leader 90 | . 70 20 Disable Machine 9 | . 9 . Destroy Structure 2 | . 2 . Partial Spotted 15 | . 15 . Lose Combat Pursuer 75 | . 75 . Influence Decreases 621 | . 456 165 Entered New Map 14 | . . 14 Time Decay 596 | . 456 140 Lost Part 11 | . . 11 Squads Dispatched 3 | . 3 . Investigation 3 | . 3 . Extermination . | . . . Reinforcement . | . . . Assault . | . . . Garrison . | . . . Intercept . | . . . Searches Triggered . | . . . Construction Impeded . | . . . Haulers Reinforced . | . . . Active Scanning Responses . | . . . Cargo Convoy Interrupts . | . . . Stealth | -11 -10 -10 --------- Run | Yrd Mat Min Distress Signals 4 | . 3 1 Communications Jammed . | . . . Distress Signals . | . . . Times Spotted 38 | . 30 8 Peak Tracking Total 5 | . 5 3 Tactical Retreats 3 | . 3 . Traps | -11 -10 -10 ------- Run | Yrd Mat Min Traps Triggered 2 | . 2 . Indirectly . | . . . Trap Hack Attempts . | . . . Triggered . | . . . Disarmed . | . . . Reprogrammed . | . . . Reused . | . . . Traps Extracted . | . . . Installed . | . . . Triggered . | . . . Most Traps Carried 4 | . . 4 Machines | -11 -10 -10 ---------- Run | Yrd Mat Min Machines Disabled 1 | . 1 . Max in Single Turn 1 | . 1 . Machines Repaired . | . . . Machines Dismantled . | . . . Machines Sabotaged . | . . . Overloaded Fab Kills . | . . . Hacking | -11 -10 -10 --------- Run | Yrd Mat Min Machines Accessed 3 | . 2 1 Terminals . | . . . Fabricators . | . . . Repair Stations 1 | . 1 . Recycling Units 1 | . 1 . Scanalyzers . | . . . Garrison Access . | . . . Total Hacks 13 | . 12 1 Successful 12 | . 11 1 Failed 1 | . 1 . Catastrophic . | . . . Database Lockouts . | . . . Manual . | . . . Terminals . | . . . Fabricators . | . . . Repair Stations 3 | . 3 . Recycling Units 9 | . 9 . Scanalyzers . | . . . Garrison Access . | . . . Terminal Hacks 1 | . . 1 Open Door 1 | . . 1 Fabricator Hacks . | . . . Repair Station Hacks 3 | . 3 . Scan Component 1 | . 1 . Repair 1 | . 1 . Refit 1 | . 1 . Recycling Unit Hacks 8 | . 8 . Recycle Component 4 | . 4 . Process 1 | . 1 . Report Inventory 1 | . 1 . Retrieve Matter 1 | . 1 . Retrieve Components 1 | . 1 . Scanalyzer . | . . . Garrison Access Hacks . | . . . Unauthorized Hacks . | . . . Terminals . | . . . Fabricators . | . . . Repair Stations . | . . . Recycling Units . | . . . Scanalyzers . | . . . Garrison Access . | . . . Data Cores Recovered . | . . . Used . | . . . Hacking Detections 1 | . 1 . Full Trace Events 1 | . 1 . Feedback Events . | . . . Feedback Blocked . | . . . Robot Schematics Acquired . | . . . Robots Built . | . . . Authchips . | . . . Time . | . . . Total Robot Build Rating . | . . . Part Schematics Acquired . | . . . Parts Built . | . . . Authchips . | . . . Time . | . . . Total Part Build Rating . | . . . Part Studies Acquired . | . . . Parts Repaired 1 | . 1 . Time 26 | . 26 . Parts Recycled 4 | . 4 . Recycled Matter 166 | . 166 . Retrieved Matter 166 | . 166 . Retrieved Components . | . . . Parts Scanalyzed . | . . . Part Schematics Acquired . | . . . Parts Damaged . | . . . Bothacking | -11 -10 -10 ------------ Run | Yrd Mat Min Used RIF Installer . | . . . Robots Hacked . | . . . Non-combat . | . . . Combat . | . . . Robot Hacks Applied . | . . . Relay Couplers Released . | . . . Fabnet Peak Effective % . | . . . Robots Rewired . | . . . Allies Hacked . | . . . Hacks Repelled . | . . . Allies | -11 -10 -10 -------- Run | Yrd Mat Min Total Allies . | . . . Largest Group . | . . . Highest-Rated Group . | . . . Highest-Rated Ally . | . . . Total Orders . | . . . Ally Attacks 3 | . . 3 Total Damage 2 | . . 2 Kills . | . . . Allies Corrupted . | . . . Allies Melted . | . . . Intel | -11 -10 -10 ------- Run | Yrd Mat Min Active Infowar (turns) 1762 | . 1469 293 Seismic 1762 | . 1469 293 Robot Analysis Total . | . . . Derelict Logs Recovered 1 | . . 1 Drone Launches 4 | . . 4 Drone Recoveries 2 | . . 2 Exploration | -11 -10 -10 ------------- Run | Yrd Mat Min Turns Passed 1918 | 73 1525 320 Spaces Moved 1204 | 62 920 222 Core 21 | 21 . . Treads . | . . . Legs 1183 | 41 920 222 Wheels . | . . . Hover . | . . . Flight . | . . . Fastest Speed 50 | 50 120 120 Average Speed 119 | 96 120 121 Slowest Speed 190 | 120 120 190 Overloaded Moves . | . . . Propulsion Burnouts . | . . . Robots Hopped . | . . . Potential Cave-ins . | . . . Cave-ins Triggered . | . . . Exploration Rate (%) 45 | 5 88 42 Regions Visited 2 Branch Regions 1 Pre-discovered Areas . | . . . Known Exits Taken . | . . . Unknown Exits Taken 2 | 1 1 . Scrap Searched . | . . . Spaces Dug . | . . . Terrain Destroyed . | . . . Melee . | . . . Projectile . | . . . AOE . | . . . Terrain Rammed . | . . . Walls Destroyed . | . . . Machines Disabled . | . . . Actions | -11 -10 -10 --------- Run | Yrd Mat Min Total 1590 | 75 1266 249 Wait 261 | . 256 5 Move 1202 | 61 919 222 Hop . | . . . Pick Up 29 | 9 14 6 Fast Attach 1 | . 1 . Attach 10 | 5 4 1 Detach 1 | . 1 . Swap 4 | . 4 . Drop 11 | . 9 2 Fire 58 | . 45 13 Melee . | . . . Ram . | . . . Kick 13 | . 13 . Crush . | . . . Escape Stasis . | . . . Rewire . | . . . Trap . | . . . Miscellaneous . | . . . Route ------- -11/Scrapyard -10/Materials (discovered 5 exits: [*Mat x2] / *Min x2 / [*Sub]) -10/Mines History --------- Turn | Location | Event 2 | -11/Scrapyard | Met Revision 17 8 | -11/Scrapyard | Discovered new exit (range 16) 74 | -11/Scrapyard | Entered Materials 303 | -10/Materials | Build established: Mutant 843 | -10/Materials | Discovered new exit (range 16) 947 | -10/Materials | Discovered new exit (range 16) 1031 | -10/Materials | Build established: Scavenger-Mutant 1244 | -10/Materials | Discovered new exit (range 6) 1272 | -10/Materials | Discovered new exit (range 7) 1444 | -10/Materials | Discovered new exit (range 8) 1594 | -10/Materials | Repaired Aluminum Leg? 1599 | -10/Materials | Entered Mines 1632 | -10/Mines | Found a hidden stash of uninstalled traps 1669 | -10/Mines | Learned Materials emergency access door positions 1800 | -10/Mines | Found the Drone Emporium 1808 | -10/Mines | Assembled infested the area 1813 | -10/Mines | Found Prototype Device 1889 | -10/Mines | Core integrity fell below 50% 1911 | -10/Mines | Identified Splice Drone Bay 1912 | -10/Mines | Core integrity fell below 20% 1919 | -10/Mines | Destroyed by D-53 Grenadier with Mini Grenade Launcher Last Messages --------------- Identified Splice Drone Bay. Splice Drone released from Splice Drone Bay. The unstable cave ceiling collapses. You have a new controllable ally. Review and give out orders from the Allies menu (F5). Splice Drone released from Splice Drone Bay. The unstable cave ceiling collapses. Splice Drone released from Splice Drone Bay. The unstable cave ceiling collapses. Splice Drone injecting D-53 Grenadier... Shutting down primary systems. D-53 Grenadier springs to life. Splice Drone released from Splice Drone Bay. Splice Drone destroyed. Splice Drone retrieved by Splice Drone Bay (repair cost: 2). The unstable cave ceiling collapses. Splice Drone retrieved by Splice Drone Bay (repair cost: 11). The unstable cave ceiling collapses. Map ----- +----------------------------------------------------+ | ???????????# ##?# ##???????????????? | | ???????????## ###?? #???????????????? | | ????????????# ##??## #???????????????? | | ????????????# ##??## #???????????????? | | ????????????## # #### #????????????????? | | ?????????????### ## ##???????????????? | | ??????????????# # ## #???????????????? | | ??????????????# # #???????????????? | | ??????????????# #???????????????? | | ??????????????# ##???????????????? | | ??????????????## #????????????????? | | ???????????????## # #????????????????? | | ????????????????### ##????????????????? | | ?????????????????## ###?????????????????? | | ?????????????????# ##???????????????????? | | ?????????????????# d ##????##?????????????? | | ????????????????## d ##??# ?????????????? | | ?????????????#### ## #??# #?????????????? | | ????????????## # ## ##??# #?????????????? | | ???????????## n ##??# #?????????????? | | ???????????# # #??# ####??????????? | | ??????????## ## ##?## ???????????? | | ??????????# ## # #### #???????????? | | ??????????# ## # #???????????? | | ??????????# ### # #### #???????????? | | ??????????## ##?# @ #?## #???????????? | | ???????????####??#### #?# #????####????? | | ????????????????????# # # ### ##??## ##???? | | ????????????????????#### ##?# ##??? | | ???????????????????????# ### #??? | | ???????????????????????########### #??? | | ?????????????????????????????????## #### =% #??? | | ??????????????????????????????????####??#*%%= ##?? | | ????????????????????????????????????????##[* #?? | | ?????????????????????????????????????????## #?? | | ??????????????????????????????????????????## ##?? | | ???????????????????????????????????????????####??? | | ?????????????????????????????????????????????????? | | | | | | | | | | | | | | | | | | | | | | | | | +----------------------------------------------------+ Best States ------------- Heat Dissipation 25 Energy Generation 14 Energy Capacity 160 Matter Stores 300 Matter Capacity 300 Sight Range 16 Terrain Scan Density 10 Resistance: KI 20 Resistance: TH 20 Resistance: EX 20 Resistance: EM 20 Resistance: I 20 Resistance: S 20 Resistance: P 20 Evasion (%) 55 Offensive Hacking 10 Item Schematics ----------------- None Robot Schematics ------------------ None Fabricated ------------ Nothing Repaired ---------- Aluminum Leg | 81% | -10/Materials Studied --------- None Alien Tech Used ----------------- None Achievements -------------- You Again Challenges ------------ None Game ------ Seed FieldBlastDissipator Manual? 0 Play Time 00:19:08 Cumulative 8.8 hours Start 2025.11.30 @ 22:37:20 End 2025.11.30 @ 23:01:38 Sessions 1 Manual Loads 0 Difficulty Adventurer Special Mode None Game No. 28 Rogue 19 Adventurer 9 Explorer 0 Win Type - Total 0 Types 0/0/0/0/0/0/0/0/0/0 Lore% 3 Gallery% 11 Achievement% 8 Wizard Run 0 Options --------- Layout 1 ASCII 0 Keyboard 0 Movement Numpad Keybinds 0 Fullscreen 1 Font 24/X11 Map View 50x35 Zoom Use 0% Tactical HUD 0 Map Filters NONE Filters NONE Steam 1 RUN: a6f6ed8a-4066-464e-b10c-95a664ac27a5